BSA
IRVINE GANG GREEN @ NEW YORK KNIGHTS
09/06/2030
 
TOP OF THE 1ST
Irvine Gang Green batting - Pitching for New York Knights : LHP Raúl Fernández
Pitching: LHP Raúl Fernández
Batting: RHB Tomás Carranza 0-0: Ball
1-0: Foul Ball, location: 2F
1-1: Ball
2-1: Ball
3-1: Ground out 6-3 (Groundball, 6)
Batting: RHB Ronnie Brown 0-0: Ball
1-0: Ground out 5-3 (Groundball, 56S)
Batting: LHB Jeff Daniels 0-0: Ball
1-0: Foul Ball, location: 2F
1-1: Ground out 5-3 (Groundball, 56)
Top of the 1st over - 0 runs, 0 hits, 0 errors, 0 left on base; Irvine 0 - New York 0
BOTTOM OF THE 1ST
New York Knights batting - Pitching for Irvine Gang Green : RHP Mike Marrero
Pitching: RHP Mike Marrero
Batting: LHB Bob Campbell 0-0: Ground out 4-3 (Groundball, 4)
Batting: RHB Robert Downing 0-0: Ball
1-0: Ball
2-0: Ball
3-0: Called Strike
3-1: Reached via error on a dropped throw, E3
Batting: LHB Willie Wallace 0-0: Ball
1-0: Called Strike
1-1: Ball
2-1: Called Strike
2-2: Ball
3-2: Ground out 6-3 (Groundball, 6)
Robert Downing to second
Batting: SHB Mark Wells 0-0: Swinging Strike
0-1: Ground out 6-3 (Groundball, 6MS)
Bottom of the 1st over - 0 runs, 0 hits, 1 error, 1 left on base; Irvine 0 - New York 0
TOP OF THE 2ND
Irvine Gang Green batting - Pitching for New York Knights : LHP Raúl Fernández
Batting: LHB Víctor Quiñones 0-0: Called Strike
0-1: Ball
1-1: Ground out 4-3 (Groundball, 4)
Batting: RHB José Salazar 0-0: Ball
1-0: Foul Ball, location: 2F
1-1: Foul Ball, location: 2F
1-2: Ball
2-2: Ball
3-2: SINGLE (Line Drive, 78S)
Batting: LHB Tony Abete 0-0: Ball
1-0: Grounds into double play, 4-6-3 (Groundball, 4)
Top of the 2nd over - 0 runs, 1 hit, 0 errors, 0 left on base; Irvine 0 - New York 0
BOTTOM OF THE 2ND
New York Knights batting - Pitching for Irvine Gang Green : RHP Mike Marrero
Batting: RHB Alberto Hernández 0-0: Ball
1-0: Swinging Strike
1-1: Foul Ball, location: 2F
1-2: Ground out 6-3 (Groundball, 6M)
Batting: LHB Doug Thompson 0-0: Ball
1-0: Called Strike
1-1: Foul Ball, location: 2F
1-2: Strikes out looking
Batting: LHB Sixto Cortés 0-0: Ball
1-0: SINGLE (Groundball, 34D)
Batting: RHB Jason Blair 0-0: Called Strike
0-1: Ball
1-1: Ball
2-1: Ground out 1-3 (Groundball, 13S)
Bottom of the 2nd over - 0 runs, 1 hit, 0 errors, 1 left on base; Irvine 0 - New York 0
TOP OF THE 3RD
Irvine Gang Green batting - Pitching for New York Knights : LHP Raúl Fernández
Batting: RHB Sergio Moreno 0-0: SINGLE (Groundball, 34S) (infield hit)
Batting: SHB Carlos Córdova 0-0: Ball
1-0: Grounds into double play, 5-4-3 (Groundball, 56)
Batting: LHB Tony Tavárez 0-0: Called Strike
0-1: Ball
1-1: Foul Ball, location: 2F
1-2: Strikes out swinging
Top of the 3rd over - 0 runs, 1 hit, 0 errors, 0 left on base; Irvine 0 - New York 0
BOTTOM OF THE 3RD
New York Knights batting - Pitching for Irvine Gang Green : RHP Mike Marrero
Batting: RHB Gerald Miller 0-0: Called Strike
0-1: Ball
1-1: Foul Ball, location: 2F
1-2: Foul Ball, location: 2F
1-2: Strikes out swinging
Batting: LHB Bob Campbell 0-0: DOUBLE (Line Drive, 78D)
Batting: RHB Robert Downing 0-0: Called Strike
Bob Campbell steals 3rd base
0-1: Foul Ball, location: 2F
0-2: 2-RUN HOME RUN (Flyball, 7LD), Distance : 327 ft
Batting: LHB Willie Wallace 0-0: Foul Ball, location: 2F
0-1: Ball
1-1: Foul Ball, location: 2F
1-2: SINGLE (Groundball, 6MD)
Batting: SHB Mark Wells 0-0: Ball
Pickoff Throw to First - Out!
1-0: Ball
2-0: Fly out, F8 (Flyball, 8RS)
Bottom of the 3rd over - 2 runs, 3 hits, 0 errors, 0 left on base; Irvine 0 - New York 2
TOP OF THE 4TH
Irvine Gang Green batting - Pitching for New York Knights : LHP Raúl Fernández
Batting: RHB Tomás Carranza 0-0: Foul Ball, location: 2F
0-1: Ball
1-1: Ball
2-1: DOUBLE (Line Drive, 89M)
Batting: RHB Ronnie Brown 0-0: SINGLE (Groundball, 34D)
Tomás Carranza to third
Runner from 3rd tries for Home, throw and OUT!
Batting: LHB Jeff Daniels 0-0: Grounds into double play, 6-4-3 (Groundball, 6M)
Top of the 4th over - 0 runs, 2 hits, 0 errors, 0 left on base; Irvine 0 - New York 2
BOTTOM OF THE 4TH
New York Knights batting - Pitching for Irvine Gang Green : RHP Mike Marrero
Batting: RHB Alberto Hernández 0-0: Ball
1-0: Ball
2-0: Ball
3-0: Called Strike
3-1: Called Strike
3-2: SINGLE (Groundball, 6MD)
Batting: LHB Doug Thompson 0-0: Ball
1-0: Ball
2-0: Foul Ball, location: 2F
2-1: Ground out 4-3 (Groundball, 34D)
Alberto Hernández to second
Batting: LHB Sixto Cortés 0-0: Ball
1-0: Foul Ball, location: 2F
1-1: Ground out 4-3 (Groundball, 4)
Alberto Hernández to third
Batting: RHB Jason Blair 0-0: Ground out 6-3 (Groundball, 6)
Bottom of the 4th over - 0 runs, 1 hit, 0 errors, 1 left on base; Irvine 0 - New York 2
TOP OF THE 5TH
Irvine Gang Green batting - Pitching for New York Knights : LHP Raúl Fernández
Batting: LHB Víctor Quiñones 0-0: Ground out 6-3 (Groundball, 6)
Batting: RHB José Salazar 0-0: Swinging Strike
0-1: Ball
1-1: Called Strike
1-2: Foul Ball, location: 2F
1-2: Ball
2-2: Foul Ball, location: 2F
2-2: Strikes out swinging
Batting: LHB Tony Abete 0-0: Ball
1-0: Foul Ball, location: 2F
1-1: Ball
2-1: Ball
3-1: Swinging Strike
3-2: Fly out, F9 (Line Drive, 89M)
Top of the 5th over - 0 runs, 0 hits, 0 errors, 0 left on base; Irvine 0 - New York 2
BOTTOM OF THE 5TH
New York Knights batting - Pitching for Irvine Gang Green : RHP Mike Marrero
Batting: RHB Gerald Miller 0-0: Called Strike
0-1: Swinging Strike
0-2: Ball
1-2: Strikes out swinging
Batting: LHB Bob Campbell 0-0: Called Strike
0-1: Ball
1-1: Ball
2-1: Ball
3-1: Ground out 6-3 (Groundball, 6)
Batting: RHB Robert Downing 0-0: Swinging Strike
0-1: Ball
1-1: Foul Ball, location: 2F
1-2: Strikes out swinging
Bottom of the 5th over - 0 runs, 0 hits, 0 errors, 0 left on base; Irvine 0 - New York 2
TOP OF THE 6TH
Irvine Gang Green batting - Pitching for New York Knights : LHP Raúl Fernández
Batting: RHB Sergio Moreno 0-0: SINGLE (Groundball, 4MD)
Batting: SHB Carlos Córdova 0-0: Called Strike
0-1: Ball
1-1: Ball
2-1: Ball
3-1: Called Strike
3-2: Foul Ball, location: 2F
3-2: Base on Balls
Sergio Moreno to second
Batting: LHB Tony Tavárez 0-0: Fielders Choice at 3rd, U5 (Groundball, 5L)
Carlos Córdova to second
Batting: RHB Tomás Carranza 0-0: Called Strike
0-1: Foul Ball, location: 2F
0-2: Ball
1-2: Ground out 3-1 (Groundball, 34S)
Carlos Córdova to third
Tony Tavárez to second
Batting: RHB Ronnie Brown 0-0: Ball
1-0: Ball
2-0: Foul Ball, location: 2F
2-1: Swinging Strike
2-2: Ball
3-2: Base on Balls
Batting: LHB Jeff Daniels 0-0: Called Strike
0-1: Called Strike
0-2: Fly out, F4 (Line Drive, 4)
Top of the 6th over - 0 runs, 1 hit, 0 errors, 3 left on base; Irvine 0 - New York 2
BOTTOM OF THE 6TH
New York Knights batting - Pitching for Irvine Gang Green : RHP Mike Marrero
Batting: LHB Willie Wallace 0-0: Ball
1-0: Ground out 5-3 (Groundball, 5)
Batting: SHB Mark Wells 0-0: Ball
1-0: SINGLE (Groundball, 4) (infield hit)
Pinch Runner at 1st Nicholas Alston:
Batting: RHB Alberto Hernández 0-0: Ball
Nicholas Alston steals 2nd base
1-0: SINGLE (Groundball, 4MD)
Nicholas Alston to third
Batting: LHB Doug Thompson 0-0: Ball
1-0: Ball
2-0: Grounds into double play, 4-6-3 (Groundball, 34)
Bottom of the 6th over - 0 runs, 2 hits, 0 errors, 1 left on base; Irvine 0 - New York 2
TOP OF THE 7TH
Irvine Gang Green batting - Pitching for New York Knights : LHP Raúl Fernández
Batting: LHB Víctor Quiñones 0-0: Foul Ball, location: 2F
0-1: Foul Ball, location: 2F
0-2: Ball
1-2: Foul Ball, location: 2F
1-2: SINGLE (Groundball, 34D)
Batting: RHB José Salazar 0-0: Ball
1-0: Foul Ball, location: 2F
1-1: Foul Ball, location: 2F
1-2: Ball
2-2: Ball
3-2: Foul Ball, location: 2F
3-2: Base on Balls
Víctor Quiñones to second
Pinch Hitting: RHB Ron Elazar 0-0: Bunt missed!
0-1: Sac Bunt - play at first, batter OUT! 5-4
Víctor Quiñones to third
José Salazar to second
Batting: RHB Sergio Moreno 0-0: Foul Ball, location: 2F
0-1: Ground out 6-3 (Groundball, 6S)
Pinch Hitting: RHB Carlos García 0-0: Called Strike
0-1: Ball
1-1: SINGLE (Flyball, 7LS)
Víctor Quiñones scores
José Salazar to third
Runner from 3rd tries for Home, SAFE, throw made home
Pinch Hitting: RHB Lawrence Schroeder 0-0: Ball
1-0: Ground out 4-3 (Groundball, 4)
Top of the 7th over - 2 runs, 2 hits, 0 errors, 1 left on base; Irvine 2 - New York 2
BOTTOM OF THE 7TH
New York Knights batting - Pitching for Irvine Gang Green : RHP Mike Marrero
Now at 2B: Ron Elazar
Now at SS: David Adams
Now in LF: Carlos García
Batting: LHB Sixto Cortés 0-0: Called Strike
0-1: Called Strike
0-2: Ball
1-2: Foul Ball, location: 2F
1-2: SINGLE (Groundball, 4MD)
Batting: RHB Jason Blair 0-0: Called Strike
0-1: Hit by Pitch
Sixto Cortés to second
Batting: RHB Gerald Miller 0-0: SINGLE (Flyball, 7LM)
Sixto Cortés to third
Jason Blair to second
Batting: LHB Bob Campbell 0-0: Ball
1-0: Called Strike
1-1: Foul Ball, location: 2F
1-2: Ball
2-2: Fly out, F6 (Line Drive, 6)
Batting: RHB Robert Downing 0-0: Ball
1-0: DOUBLE (Groundball, 5L)
Sixto Cortés scores
Jason Blair scores
Gerald Miller to third
Batting: LHB Willie Wallace 0-0: Intentional Walk
Pitching: LHP Jaime Guzmán
Batting: LHB Nicholas Alston 0-0: Foul Ball, location: 2F
0-1: Swinging Strike
0-2: Ball
1-2: Ball
2-2: Foul Ball, location: 2F
2-2: Strikes out swinging
Pitching: RHP Ramón Silva
Pinch Hitting: LHB Bill McCraney 0-0: SINGLE (Groundball, 56D)
Gerald Miller scores
Robert Downing to third
Willie Wallace to second
Runner from 3rd tries for Home, SAFE, no throw
Batting: LHB Doug Thompson 0-0: Ball
1-0: Fly out, F6 (Line Drive, 56D)
Bottom of the 7th over - 4 runs, 4 hits, 0 errors, 2 left on base; Irvine 2 - New York 6
TOP OF THE 8TH
Irvine Gang Green batting - Pitching for New York Knights : LHP Raúl Fernández
Pitching: RHP Steve Poe
Now in CF: Jackson Gibson
Batting: RHB Tomás Carranza 0-0: Foul Ball, location: 2F
0-1: Ball
1-1: SINGLE (Groundball, 34D)
Batting: RHB Ronnie Brown 0-0: Ball
1-0: Swinging Strike
1-1: Fielders Choice at 2nd, 4-6 (Groundball, 4)
Batting: LHB Jeff Daniels 0-0: Ball
1-0: Ball
2-0: Ball
3-0: Called Strike
3-1: Called Strike
3-2: Foul Ball, location: 2F
3-2: Foul Ball, location: 2F
3-2: Base on Balls
Ronnie Brown to second
Batting: LHB Víctor Quiñones 0-0: Swinging Strike
0-1: Foul Ball, location: 2F
0-2: Ball
1-2: Ball
2-2: Ball
3-2: Ground out 4-3 (Groundball, 4)
Ronnie Brown to third
Jeff Daniels to second
Batting: RHB José Salazar 0-0: Foul Ball, location: 2F
0-1: Swinging Strike
0-2: Ball
1-2: Ground out 1-3 (Groundball, 13S)
Top of the 8th over - 0 runs, 1 hit, 0 errors, 2 left on base; Irvine 2 - New York 6
BOTTOM OF THE 8TH
New York Knights batting - Pitching for Irvine Gang Green : RHP Ramón Silva
Batting: LHB Sixto Cortés 0-0: Ball
1-0: Called Strike
1-1: Ball
2-1: Ball
3-1: Foul Ball, location: 2F
3-2: Foul Ball, location: 2F
3-2: DOUBLE (Line Drive, 89M)
Batting: RHB Jason Blair 0-0: Foul Ball, location: 2F
0-1: Ball
1-1: Ball
2-1: Foul Ball, location: 2F
2-2: Strikes out swinging
Batting: RHB Gerald Miller 0-0: Foul Ball, location: 2F
0-1: Fly out, F7 (Flyball, 78S)
Batting: LHB Bob Campbell 0-0: SINGLE (Groundball, 4MD)
Sixto Cortés to third
Batting: RHB Robert Downing 0-0: Ball
1-0: Ball
2-0: Ball
3-0: Called Strike
3-1: Called Strike
3-2: SINGLE (Groundball, 3D)
Sixto Cortés scores
Bob Campbell to second
Bob Campbell to third
Batting: LHB Willie Wallace 0-0: Ball
1-0: Ball
2-0: Called Strike
2-1: DOUBLE (Line Drive, 89XD)
Bob Campbell scores
Robert Downing to third
Runner from 3rd tries for Home, SAFE, throw made at trailing runner, OUT at third!
Bottom of the 8th over - 3 runs, 4 hits, 0 errors, 0 left on base; Irvine 2 - New York 9
TOP OF THE 9TH
Irvine Gang Green batting - Pitching for New York Knights : RHP Steve Poe
Batting: RHB Ron Elazar 0-0: Foul Ball, location: 2F
0-1: Ground out 5-3 (Groundball, 5)
Batting: RHB Sergio Moreno 0-0: Called Strike
0-1: Ball
1-1: Foul Ball, location: 2F
1-2: Strikes out swinging
Batting: RHB Carlos García 0-0: Swinging Strike
0-1: SINGLE (Flyball, 8RS)
Batting: LHB David Adams 0-0: Ball
1-0: Called Strike
1-1: Foul Ball, location: 2F
1-2: Fly out, F7 (Flyball, 7)
Top of the 9th over - 0 runs, 1 hit, 0 errors, 1 left on base; Irvine 2 - New York 9
Saturday, April 7th, 2018 - OOTP Baseball 18.8 Build 76